 Dungeon Crawl Stone Soup version 0.32-a0-953-g508020473e (webtiles) character file.

Game seed: 6175680250711615553

3766 retardedninja the Fighter (level 10, -1/74 HPs)
             Began as a Coglin Fighter on Apr 16, 2024.
             Was a Follower of Hepliaklqana.
             Slain by a centaur warrior
             ... wielding a +0 halberd
              (11 damage)
             ... on level 8 of the Dungeon.
             The game lasted 00:14:34 (8647 turns).

retardedninja the Fighter (Coglin Fighter)          Turns: 8647, Time: 00:14:39

Health: -1/74      AC: 17    Str: 21    XL:     10   Next: 16%
Magic:  10/10      EV:  5    Int:  7    God:    Hepliaklqana [*.....]
Gold:   135        SH:  0    Dex:  9    Spells: 9/9 levels left

rFire   . . .        z - +0 broad axe {Harkiran}
rCold   . . .        G - +6 mace "Dekki" {holy, Fly rPois rN+++ Dex-5}
rNeg    + + +        A - +0 plate armour
rPois   +            s - +0 helmet
rElec   .            (no cloak)
rCorr   .            x - +2 pair of gloves
SInv    .            (no boots)
Will    .....        (amulet unavailable) Stlth
                     (ring unavailable)
HPRegen 0.32/turn    (ring unavailable)
MPRegen 0.12/turn    (no gizmo)

%: no passive effects
@: about to teleport, marked, flying, revving
A: reduced essence, off-hand wielding, slow wielding, warmup strikes, no
jewellery
a: Invent Gizmo, Renounce Religion, Recall Ancestor, Ancestor Identity


You were on level 8 of the Dungeon.
You worshipped Hepliaklqana.
Hepliaklqana was aware of your devotion.
You visited 2 branches of the dungeon, and saw 9 of its levels.

You collected 904 gold pieces.
You spent 769 gold pieces at shops.

Inventory:

Hand Weapons
 z - a +0 broad axe (weapon) {Harkiran}
 G - the +6 mace "Dekki" (offhand) {holy, Fly rPois rN+++ Dex-5}
   (You bought it in a shop on level 6 of the Dungeon)

   Dex-5:     It affects your dexterity (-5).
   rPois:     It protects you from poison.
   rN+++:     It renders you almost immune to negative energy.
   Fly:       It grants you flight.
Missiles
 u - 3 javelins (quivered)
 y - a throwing net
Armour
 s - a +0 helmet (worn)
 x - a +2 pair of gloves (worn)
 A - a +0 plate armour (worn)
Magical Staves
 l - the staff "Undertaker" {rPois Str+3 Stlth+ Air Alchemy}
   (You found it on level 2 of the Dungeon)

   [staff of alchemy]

   Base accuracy: +5 Base damage: 5 Base attack delay: 1.2 This weapon's minimum
   attack delay (0.6) is reached at skill level 12.
   Str+3:     It affects your strength (+3).
   rPois:     It protects you from poison.
   Stlth+:    It makes you more stealthy.
   Air:       It increases the power of your Air spells.
   Alchemy:   It increases the power of your Alchemy spells.
   It falls into the 'Staves' category.
   It is a one-graspered weapon.
Wands
 c - a wand of flame (24)
 v - a wand of charming (14)
 E - a wand of polymorph (9)
Scrolls
 a - a scroll of noise {unknown}
 h - a scroll of identify
 j - a scroll of vulnerability
 o - a scroll of fog {unknown}
 p - a scroll of torment {unknown}
 q - 2 scrolls of enchant armour {unknown}
 t - a scroll of immolation {unknown}
 w - a scroll of acquirement {unknown}
 B - a scroll of fear {unknown}
 D - a scroll of silence {unknown}
Potions
 b - a potion of cancellation {unknown}
 d - 3 potions of might
 f - 2 potions of magic
 i - 3 potions of curing
 k - a potion of attraction
 r - a potion of enlightenment {unknown}
 F - a potion of lignification {unknown}


   Skills:
 * Level 9.3 Fighting
 * Level 9.0(9.3) Axes
 + Level 3.1(6.1) Maces & Flails
 + Level 6.2 Armour
 - Level 2.2 Shields


You had 9 spell levels left.
You didn't know any spells.
Your spell library contained the following spells:

 Spells                   Type           Power      Damage    Failure   Level
 Foxfire                  Conj/Fire      0%         2x1d4     100%        1
 Freeze                   Ice            0%         1d3       100%        1
 Frozen Ramparts          Ice            0%         1d1       100%        3
 Fugue of the Fallen      Necr           0%         N/A       100%        3
 Hailstorm                Conj/Ice       0%         3d5       100%        3
 Ozocubu's Armour         Ice            0%         N/A       100%        3
 Tukima's Dance           Hex            0%         N/A       100%        3
 Passage of Golubria      Tloc           0%         N/A       100%        4
 Yara's Violent Unravell  Hex/Alch       0%         3d3       100%        5
 Plasma Beam              Fire/Air       0%         2x1d10    100%        6
 Starburst                Conj/Fire      0%         6d3       100%        6
 Manifold Assault         Tloc           0%         N/A       100%        7


Dungeon Overview and Level Annotations

Branches:
Dungeon (8/15)             Temple (1/1) D:7
   Lair: D:8-11

Altars:
Ashenzari
Cheibriados
Dithmenos
Elyvilon
Gozag
Hepliaklqana
Kikubaaqudgha
Makhleb
Nemelex Xobeh
Okawaru
Qazlal
Ru
Sif Muna
Trog
Uskayaw
Vehumet
Wu Jian
Xom
Yredelemnul
Zin
The Shining One

Shops:
D:5 *   D:6 (

Annotations:
D:6 1 runed translucent door, osoart's ghost, novice KoHu
D:8 exclusion: ice statue


Innate Abilities, Weirdness & Mutations

Your life essence is reduced to manifest your ancestor. (-10% HP)
You can wield a second weapon in your off-hand.
It takes a long time for you to wield or remove held weapons.
Your first few attacks do less damage.
You cannot equip rings or amulets.


Message History

The centaur warrior kicks you.
You hit the centaur warrior with the +6 mace "Dekki".
The centaur warrior is moderately wounded.
You closely miss the centaur warrior with your +0 broad axe.
The centaur warrior hits you. The centaur warrior kicks you.
You slash the centaur warrior with your +0 broad axe!
The centaur warrior is heavily wounded.
You thump the centaur warrior with the +6 mace "Dekki"!
The centaur warrior hits you but does no damage.
The centaur warrior kicks you but does no damage.
The centaur warrior hits you but does no damage.
The centaur warrior kicks you but does no damage.
You hit the centaur warrior with your +0 broad axe.
The centaur warrior is severely wounded.
You hit the centaur warrior with the +6 mace "Dekki".
The centaur warrior hits you!
The centaur warrior kicks you but does no damage.
As you read the scroll of teleportation, it crumbles to dust.
You feel strangely unstable.
The centaur warrior shoots an arrow.
The arrow hits you!!
* * * LOW HITPOINT WARNING * * *
The centaur warrior barely misses you.
The centaur warrior completely misses you.
The water moccasin bites you but does no damage.
Unknown command.
The centaur warrior unwields a +0 orcbow.
The centaur warrior wields a +0 halberd.
The centaur warrior hits you but does no damage.
The centaur warrior kicks you but does no damage.
The centaur warrior completely misses you.
The centaur warrior kicks you but does no damage.
The centaur warrior hits you but does no damage.
The centaur warrior kicks you but does no damage.
You feel better. The centaur warrior hits you.
* * * LOW HITPOINT WARNING * * *
The centaur warrior kicks you but does no damage.
The water moccasin bites you but does no damage.
The centaur warrior hits you with a +0 halberd!
You die...
Hepliaklqana delivers you to your ancestors.

#.##....Y#..#
#.###....##.ยง#
####.####....##...
#.....c####..)###..#
#.####..# ###.^. ##
#.####Y## ###.. .
#.#Y....## ##.######
#.#c##.#.###.##.##.#
#.#@##.##.#..##.##.#
#..cS..###.#.##.....
###.#### ###.###....
#.# ####.###.#.#
#.#####..........#
#.....#......#.##.
######.#......#.#..
#......#...........
#.######......#....


You could see 2 centaur warriors, a water moccasin and an ice beast (summoned).

Vanquished Creatures
  Erica (D:8)
  A yak (D:8)
  2 steam dragons (D:8)
  2 orc warriors
  A black bear (D:8)
  An ogre (D:6)
  A phantom (D:5)
  2 centaurs
  A kobold brigand (D:7)
  A gnoll sergeant (D:6)
  3 scorpions
  5 bullfrogs
  A water moccasin zombie (D:6)
  A burial acolyte (D:6)
  4 wights
  4 howler monkeys
  6 hounds
  3 jellies
  A gnoll bouda (D:4)
  3 orc priests
  3 iguanas
  A sleepcap (D:5)
  2 orc wizards (D:8)
  Robin (D:4)
  14 gnolls
  8 adders
  A shadow imp (D:7)
  2 white imps
  4 ribbon worms
  3 dart slugs
  21 orcs
  3 endoplasms
  4 giant cockroaches
  55 goblins
  25 hobgoblins
  A quokka (D:1)
  14 ball pythons
  3 bats
  14 kobolds
  4 rats
227 creatures vanquished.

Vanquished Creatures (collateral kills)
  An orc warrior (D:8)
  An ice beast (D:8)
2 creatures vanquished.

Vanquished Creatures (others)
  A human (D:6)
  2 ancestors (D:8)
  An orc (D:8)
4 creatures vanquished.

Grand Total: 233 creatures vanquished

Notes
Turn   | Place    | Note
-------+----------+-------------------------------------------
     0 | D:1      | retardedninja the Coglin Fighter began the quest for the
                  | Orb.
     0 | D:1      | Reached XP level 1. HP: 18/18 MP: 1/1
   292 | D:1      | Reached XP level 2. HP: 24/24 MP: 2/2
   620 | D:1      | You fall into a shaft and drop 1 floor!
   622 | D:2      | Found a sacrificial altar of Ru.
  1006 | D:2      | Reached XP level 3. HP: 21/29 MP: 3/3
  1221 | D:2      | Identified the staff "Undertaker" {rPois Str+3 Stlth+ Air
                  | Alchemy}
  1593 | D:3      | Reached XP level 4. HP: 15/37 MP: 4/4
  1812 | D:3      | Reached XP level 5. HP: 42/42 MP: 5/5
  2415 | D:3      | Found a burning altar of Makhleb.
  2561 | D:4      | Noticed Robin
  2567 | D:4      | Killed Robin
  2647 | D:4      | Reached XP level 6. HP: 47/49 MP: 6/6
  2751 | D:4      | Reached skill level 5 in Fighting
  3147 | D:4      | Reached XP level 7. HP: 56/56 MP: 7/7
  3212 | D:4      | Reached skill level 5 in Axes
  3593 | D:4      | Found a broken altar of Ashenzari.
  3792 | D:5      | Entered Level 5 of the Dungeon
  3822 | D:5      | Found a shadowy altar of Dithmenos.
  3999 | D:5      | Found a radiant altar of Vehumet.
  4048 | D:5      | Reached XP level 8. HP: 61/64 MP: 8/8
  4081 | D:5      | Found a bloodstained altar of Trog.
  4191 | D:5      | Found an opulent altar of Gozag.
  4195 | D:5      | Found Gozag's Platinum Reserve.
  4239 | D:5      | Found a white marble altar of Elyvilon.
  4615 | D:6      | Found a basalt altar of Yredelemnul.
  4624 | D:6      | Found an iron altar of Okawaru.
  5640 | D:6      | Found Jeolumn's Weapon Shop.
  5646 | D:6      | Reached skill level 5 in Armour
  5685 | D:6      | Found an ancient bone altar of Kikubaaqudgha.
  6037 | D:6      | Found a runed translucent door.
  6037 | D:6      | Noticed osoart's ghost (novice KoHu)
  6207 | D:6      | Found a shimmering altar of Xom.
  6218 | D:6      | Found a snail-covered altar of Cheibriados.
  6304 | D:7      | Reached XP level 9. HP: 64/72 MP: 9/9
  6442 | D:7      | Reached skill level 1 in Maces & Flails
  6645 | D:7      | Found a hide-covered altar of Uskayaw.
  6645 | D:7      | Found a hazy altar of Hepliaklqana.
  6649 | D:7      | Became a worshipper of Hepliaklqana the Forgotten
  6686 | D:6      | Bought the +6 mace "Dekki" {holy, Fly rPois rN+++ Dex-5}
                  | for 769 gold pieces
  7184 | D:7      | Found an ornate altar of the Wu Jian Council.
  7212 | D:7      | Found a staircase to the Ecumenical Temple.
  7299 | Temple   | Entered the Ecumenical Temple
  7388 | D:8      | Noticed Erica
  7402 | D:8      | Killed Erica
  7921 | D:8      | Reached * piety under Hepliaklqana
  7949 | D:8      | Reached XP level 10. HP: 38/74 MP: 10/10
  8362 | D:8      | Noticed a centaur warrior
  8605 | D:8      | Noticed an ice statue
  8634 | D:8      | Noticed a centaur warrior
  8647 | D:8      | Slain by a centaur warrior

Illustrated notes

Levels and vault maps discovered:
D:1:      evilmike_arrival_home_sweet_home, layout_basic
D:2:      layout_loops_ring, basic_altar, minmay_misc_feat_encased
D:3:      minmay_goblin_kobold_castle, layout_basic,
          mainiacjoe_overflow_surrounded_room,
          mainiacjoe_sewer_entry_somewhere_in_here_1
D:4:      minmay_polygon_palace, layout_rooms, kennysheep_mini, uniq_robin
D:5:      layout_loops_cross, mainiacjoe_overflow_brackets,
          nicolae_dithmenos_shadow_blocks, nicolae_gozag_zags_fifth_avenue,
          trog_three_pillars_becter, general_overflow_altar
D:6:      layout_basic, tgw_kikubaaqudgha, amethyst_overflow_temple_binary,
          grunt_temple_overflow_open, gammafunk_ghost_grave, serial_shops,
          nicolae_shop_advertising_works [nicolae_subvault_shop_adworks]
D:7:      layout_basic, kennysheep_mini_moat,
          gammafunk_temple_overflow_elements,
          minmay_temple_entry_statues_fountains, grunt_ministairs_12,
          blue_anna_alchemist
D:8:      layout_loops_cross, nzn_random_ring, uniq_erica
Temple:   hellmonk_temple_micro_hex

Skill      XL: |  1  2  3  4  5  6  7  8  9 10 |
---------------+-------------------------------+-----
Armour         | 3 4 5 6 |  6.2
Axes           | 3 4 5 7 8 9 |  9.0
Fighting       | 4 5 6 7 9 |  9.3
Maces & Flails | 2 3 |  3.1
Shields        | |  2.2

Action                     |  1- 3 |  4- 6 |  7- 9 | 10-12 || total
---------------------------+-------+-------+-------+-------++-------
  Melee: War axe           |    46 |   137 |   129 |       ||   312
         Hand axe          |    44 |   126 |    24 |       ||   194
         Broad axe         |       |       |   141 |    18 ||   159
         Mace              |       |       |    42 |    16 ||    58
  Throw: Javelin           |       |       |     7 |       ||     7
 Invoke: Recall Ancestor   |       |       |       |     1 ||     1
  Evoke: Wand              |       |       |       |     4 ||     4
    Use: Potion            |       |     1 |     2 |     5 ||     8
         Scroll            |       |       |     8 |     4 ||    12
   Stab: Invisible         |       |       |     3 |       ||     3
         Distracted        |       |       |       |     1 ||     1
 Armour: Scale mail        |    45 |       |       |       ||    45
         Chain mail        |    20 |   159 |    21 |       ||   200
         Plate armour      |       |       |   187 |    64 ||   251
  Dodge: Dodged            |    23 |    70 |    56 |     7 ||   156

Table legend: (Time is in decaauts)
 A = Elapsed time spent in this place.
 B = Non-inter-level travel time spent in this place.
 C = Inter-level travel time spent in this place.
 D = Time resting spent in this place.
 E = Time spent auto-exploring this place.
 F = Levels seen in this place.
 G = Mean time per level.
                   A        B        C        D        E       F      G
               +--------+--------+--------+--------+--------+-----+--------+
         Total |   8776 |   8477 |    299 |   1993 |   5093 |   9 |  975.1 |
       Dungeon |   8774 |   8475 |    299 |   1993 |   5093 |   8 | 1096.8 |
        Temple |      1 |      1 |      0 |      0 |      0 |   1 |    1.0 |
               +--------+--------+--------+--------+--------+-----+--------+

Top non-repeatable levels by time:
     D:6: 1533 daAuts
     D:8: 1335 daAuts
     D:4: 1249 daAuts
     D:5: 1190 daAuts
     D:3: 1084 daAuts
     D:7: 857 daAuts
     D:1: 836 daAuts
     D:2: 688 daAuts
  Temple: 1 daAuts
